 Dungeon Crawl Stone Soup version 0.31-a0-844-gdc52ec4e09 (webtiles) character file.

Game seed: 11043490590727526627

21 Kurtz the Chopper (level 2, -2/21 HPs)
             Began as an Octopode Fighter on Sept 29, 2023.
             Killed from afar by a dart slug (6 damage)
             ... with a slug dart
             ... on level 3 of the Dungeon.
             The game lasted 00:00:35 (1012 turns).

Kurtz the Chopper (Octopode Fighter)                Turns: 1012, Time: 00:00:36

Health: -2/21      AC:  5    Str: 15    XL:     2   Next: 87%
Magic:  2/2        EV: 13    Int: 10    God:
Gold:   180        SH:  4    Dex: 11    Spells: 1/1 levels left

rFire   . . .        a - +0 war axe
rCold   . . .        b - +0 buckler
rNeg    . . .        (helmet restricted)
rPois   .            (no amulet)
rElec   .            j - +4 ring of protection
rCorr   .            (no ring)
SInv    .            (no ring)
Will    .....        (no ring)
Stlth   ++           (no ring)
HPRegen 0.23/turn    (no ring)
MPRegen 0.08/turn    (no ring)
                     (no ring)

%: no passive effects
@: no status effects
A: almost no armour, amphibious, 8 rings, camouflage 1, gelatinous body 1,
(nimble swimmer 1), tentacles
a: no special abilities


You were on level 3 of the Dungeon.
You visited 1 branch of the dungeon, and saw 3 of its levels.

You collected 180 gold pieces.

Inventory:

Hand Weapons
 a - a +0 war axe (weapon)
Missiles
 h - 2 poisoned darts
Armour
 b - a +0 buckler (worn)
Jewellery
 j - a +4 ring of protection (left tentacle)
 m - a ring of resist corrosion
Scrolls
 d - a scroll of torment {unknown}
 e - a scroll of immolation {unknown}
 n - a scroll of poison {unknown}
Potions
 c - a potion of might
 f - a potion of berserk rage {unknown}
 g - a potion of degeneration {unknown}
 i - a potion of enlightenment {unknown}
 k - a potion of cancellation {unknown}
 l - a potion of heal wounds {unknown}
 o - a potion of lignification {unknown}


   Skills:
 - Level 3.0 Fighting
 * Level 3.3 Axes
 - Level 3.0 Dodging
 - Level 3.0 Shields


You had one spell level left.
You didn't know any spells.
Your spell library contained the following spells:

 Spells                   Type           Power      Damage    Failure   Level
 Ensorcelled Hibernation  Hex/Ice        0%         N/A       58%         2
 Passwall                 Tmut/Erth      0%         N/A       58%         2
 Swiftness                Air            0%         N/A       83%         3


Dungeon Overview and Level Annotations

Branches:
Dungeon (3/15)

Altars:

Annotations:
D:3 Ijyb


Innate Abilities, Weirdness & Mutations

You cannot wear most types of armour.
You are amphibious.
You can wear up to eight rings at the same time.
Your skin changes colour to match your surroundings (Stealth+).
Your rubbery body absorbs attacks. (AC +1, EV +1)
((You are camouflaged when in or above water. (Stealth+)))
You have tentacles for arms and can constrict up to eight enemies at once.


Message History

No target in view!
No target in view!
HP restored.
Found a club.
You pick up a book of Burglary and begin reading...
You add the spells Passwall, Ensorcelled Hibernation and Swiftness to your library.
o - a metallic coppery potion You see here a +0 leather armour.
There is a stone staircase leading up here.
You now have 167 gold pieces (gained 6).
You now have 180 gold pieces (gained 13).
An endoplasm comes into view.
An endoplasm is nearby!
An endoplasm is nearby!
An endoplasm is nearby!
The endoplasm quivers.
You hit the endoplasm.
You kill the endoplasm!
No target in view!
No target in view!
Ijyb the Twisted Goblin comes into view.
She is wielding a +0 dagger and carrying a wand of mindburst.
Ijyb shouts!
Ijyb is nearby!
Found 7 stones.
Ijyb is nearby!
Ijyb zaps a wand.
Your mind is blasted!
Unknown command.
You hit Ijyb but do no damage. Your grab misses Ijyb.
A dart slug comes into view.
You block Ijyb's attack.
You barely miss Ijyb. Your grab misses Ijyb.
You squeeze Ijyb, but do no damage.
Ijyb zaps a wand.
Your mind is blasted!
Ouch! That really hurt!
* * * LOW HITPOINT WARNING * * *
Ijyb screams, "Get away!"
You block Ijyb's attack.
You barely miss Ijyb. You grab Ijyb. You constrict Ijyb, but do no damage.
The dart slug launches a dart at you. The slug dart hits you.
You die...

###....### ..#
####...####.#
###......#
#####..#######
##.......#
##..#######
#...# #..#.#
.?..##@# (####
#g.# ##.# .#
.. #.. #.#
##.<..# w#
...# .# ).##


You could see Ijyb and a dart slug.

Vanquished Creatures
  2 dart slugs
  6 endoplasms
  2 giant cockroaches
  2 bats (D:1)
  A frilled lizard (D:1)
  2 kobolds
15 creatures vanquished.

Notes
Turn   | Place    | Note
-------+----------+-------------------------------------------
     0 | D:1      | Kurtz the Octopode Fighter began the quest for the Orb.
     0 | D:1      | Reached XP level 1. HP: 16/16 MP: 1/1
   174 | D:1      | Reached XP level 2. HP: 17/21 MP: 2/2
  1006 | D:3      | Noticed Ijyb
  1012 | D:3      | Killed from afar by a dart slug

Illustrated notes

Levels and vault maps discovered:
D:1:      dpeg_arrival_arbitrary_c, layout_loops_ring
D:2:      layout_loops_ring, serial_shops, nicolae_shop_advertising_works
          [nicolae_subvault_shop_adworks]
D:3:      layout_rooms, uniq_ijyb, uniq_robin, uniq_grinder

Skill      XL: |  1  2 |
---------------+-------+-----
Axes           | 3 |  3.3
Fighting       | |  3.0
Dodging        | |  3.0
Shields        | |  3.0

Action                     || total
---------------------------++-------
  Melee: War axe           ||    28
         Tentacles         ||     7
         Constrict         ||     5
   Stab: Sleeping          ||     3
 Armour: Skin              ||    10
  Dodge: Dodged            ||     9
  Block: Buckler           ||     4

Table legend: (Time is in decaauts)
 A = Elapsed time spent in this place.
 B = Non-inter-level travel time spent in this place.
 C = Inter-level travel time spent in this place.
 D = Time resting spent in this place.
 E = Time spent auto-exploring this place.
 F = Levels seen in this place.
 G = Mean time per level.
                   A        B        C        D        E       F      G
               +--------+--------+--------+--------+--------+-----+--------+
         Total |   1021 |    899 |    122 |      0 |    770 |   3 |  340.3 |
       Dungeon |   1021 |    899 |    122 |      0 |    770 |   3 |  340.3 |
               +--------+--------+--------+--------+--------+-----+--------+

Top non-repeatable levels by time:
     D:1: 679 daAuts
     D:3: 174 daAuts
     D:2: 167 daAuts
